 Dungeon Crawl Stone Soup version 0.29.1-15-g9cfb28693d (webtiles) character file.

Game seed: 3978279180060990757

501 user425776 the Poker (level 7, -12/59 HPs)
             Began as a Hill Orc Gladiator on Mar 2, 2023.
             Mangled by a gargoyle
             ... wielding a +0 mace
              (16 damage)
             ... on level 10 of the Dungeon.
             The game lasted 00:24:31 (1630 turns).

user425776 the Poker (Hill Orc Gladiator)           Turns: 1630, Time: 00:24:31

Health: -12/59     AC: 11    Str: 17    XL:     7   Next: 17%
Magic:  7/7        EV:  8    Int: 10    God:
Gold:   53         SH:  0    Dex: 18    Spells: 6/6 levels left

rFire   . . .      SeeInvis .   a - +0 trident
rCold   . . .      Faith    .   (no shield)
rNeg    . . .      Spirit   .   f - +0 chain mail
rPois   .          Reflect  .   c - +0 helmet
rElec   .          Harm     .   (no cloak)
rCorr   .          Rampage  .   b - +0 pair of gloves
Will    .....                   (no boots)
Stlth   ..........              e - amulet of magic regeneration
HPRegen 0.19/turn               k - +6 ring of dexterity
MPRegen 0.50/turn               (no ring)

@: no status effects
A: no striking features
a: no special abilities


You were on level 10 of the Dungeon.
You visited 2 branches of the dungeon, and saw 10 of its levels.
You also visited: Ossuary.

You collected 53 gold pieces.

Inventory:

Hand Weapons
 a - a +0 trident (weapon)
 m - a +1 vorpal hand axe
Missiles
 h - 12 poisoned darts (quivered)
Armour
 b - a +0 pair of gloves (worn)
 c - a +0 helmet (worn)
 f - a +0 chain mail (worn)
Magical Staves
 l - a staff of air
Jewellery
 e - an amulet of magic regeneration (around neck)
 k - a +6 ring of dexterity (left hand)
Wands
 o - a wand of iceblast (11)
 p - a wand of digging (5)
Scrolls
 d - 2 scrolls of silence {unknown}
 n - a scroll of noise {unknown}
 q - a scroll of vulnerability {unknown}
Potions
 g - a potion of brilliance
 i - a potion of flight {unknown}


   Skills:
 + Level 4.2 Fighting
 + Level 3.3(5.6) Axes
 + Level 5.9(6.3) Polearms
 + Level 0.4(3.0) Staves
 + Level 2.7 Throwing
 + Level 2.4 Armour
 + Level 2.8 Dodging
 + Level 0.1 Stealth


You had 6 spell levels left.
You didn't know any spells.
Your spell library was empty.

Dungeon Overview and Level Annotations

Branches:
Dungeon (10/15)            Temple (1/1) D:5         Ossuary (visited)
   Lair: D:8-11         Orc: D:9-12

Altars:
Ashenzari
Dithmenos
Elyvilon
Fedhas
Gozag
Kikubaaqudgha
Nemelex Xobeh
Okawaru
Qazlal
Ru
Sif Muna
Trog
Uskayaw
Vehumet
Xom
Yredelemnul
Zin
The Shining One


Message History

Aiming: Iceblast
Press: ? - help, Q - select action, (/) - cycle Shift-Dir - straight line, p - gargoyle The mass of ice explodes!
The iceblast engulfs the gargoyle!
The gargoyle is moderately damaged.
Found an escape hatch in the floor.
Aiming: Iceblast
Press: ? - help, Q - select action, (/) - cycle Shift-Dir - straight line, f - gargoyle
Aim: a gargoyle, wielding a +0 mace (moderately damaged)
The mass of ice explodes!
The iceblast engulfs the gargoyle.
The gargoyle is moderately damaged.
The gargoyle hurls a stone arrow at you.
The stone arrow hits you but does no damage.
Throw: 13 darts (poison)
Press: ? - help, Q - select action, (/) - cycle Shift-Dir - straight line, f/p - gargoyle
Aim: a gargoyle, wielding a +0 mace (moderately damaged, 77% to hit)
You throw a poisoned dart. The poisoned dart hits the gargoyle.
The gargoyle is moderately damaged.
The gargoyle hits you with a +0 mace.
You see here 14 gold pieces.
You puncture the gargoyle!
The gargoyle is severely damaged.
The gargoyle hurls a stone arrow at you.
The stone arrow hits you!!
Ouch! That really hurt!
You puncture the gargoyle!
The gargoyle is almost destroyed.
The gargoyle hurls a stone arrow at you.
The stone arrow hits you!
You hit the gargoyle but do no damage.
The gargoyle is almost destroyed.
The gargoyle hits you with a +0 mace.
* * * LOW HITPOINT WARNING * * *
You hit the gargoyle.
The gargoyle is almost destroyed.
The gargoyle hits you with a +0 mace!
* * * LOW HITPOINT WARNING * * *
As you read the scroll labelled ARYNLISAOZ, it crumbles to dust.
You feel aware of your surroundings.
It was a scroll of magic mapping.
The gargoyle hits you with a +0 mace!
You die...

,,,,,,,,,,......#...##,,,,,,,,,,,
,,,,,,,,,,......#....#,,,,,,,,,,,
,,,,,,,,,,......#....#,,,,,,,,,,,
,,,,,,,,,,......+....#,...,,,,,,,
,,***+****,.....###'##....,,,,,,,
>,*,,,,,,***+*#........#*********
,,*,,,,,,,,,,,#........#,,,,,,,,,
,,*,,,,,,,,,,,#........#,,,,,,,,,
,,*,,,,,,,,,,,#.@......#,,,,,,,,,
,,**,,,,,*****#.9......#+******,,
*****+****,,,..(###+####,,,****,,
,,,,,,,,,*,.....*,,,,*,,,,,,,,,,,
,,,,,,,,,#....(.*,,,,*,,,,,,,,,,,
,,,,,,,,,#......*,,,,+,,,,,,,,,,,
,,,,,,,,,#.....>*,,,,*,,,,,,,,,,,
,,,,,,,,,#......*,,,,*,,,,,,,,,,,
,,,,,,,,,+,,,,,,+,,,,*,,,,,,,,,,,


You could see a gargoyle.

Vanquished Creatures
  Eustachio (D:5)
  A phantom (D:4)
  A bullfrog (D:9)
  2 scorpions
  An orc wizard (D:4)
  4 adders
  A white imp (D:5)
  A worm (D:4)
  7 orcs
  3 ball pythons
  3 bats (D:1)
  3 endoplasms
  A goblin (D:1)
  5 hobgoblins
  4 jackals
  2 kobolds (D:1)
  2 quokkas
  2 rats (D:3)
44 creatures vanquished.

Notes
Turn   | Place    | Note
-------+----------+-------------------------------------------
     0 | D:1      | user425776 the Hill Orc Gladiator began the quest for the
                  | Orb.
     0 | D:1      | Reached XP level 1. HP: 18/18 MP: 1/1
    66 | D:1      | Reached XP level 2. HP: 25/25 MP: 2/2
   245 | D:2      | Found a faded altar of an unknown god.
   274 | D:2      | Reached XP level 3. HP: 9/30 MP: 3/3
   509 | D:3      | Reached skill level 4 in Polearms
   730 | D:4      | Noticed a phantom
   741 | D:4      | Reached XP level 4. HP: 23/37 MP: 4/4
   754 | D:4      | Killed a phantom
   755 | D:4      | Reached skill level 1 in Armour
   755 | D:4      | Reached XP level 5. HP: 16/45 MP: 5/5
   824 | D:5      | Entered Level 5 of the Dungeon
   845 | D:4      | Reached skill level 5 in Polearms
  1112 | D:5      | Noticed Eustachio
  1120 | D:5      | Reached XP level 6. HP: 51/51 MP: 6/6
  1138 | D:5      | Killed Eustachio
  1261 | D:5      | Found a stormy altar of Qazlal.
  1306 | D:5      | Found a staircase to the Ecumenical Temple.
  1317 | D:5      | Reached XP level 7. HP: 57/59 MP: 7/7
  1336 | Temple   | Entered the Ecumenical Temple
  1336 | Temple   | Found a transporter.
  1336 | Temple   | Found a transporter.
  1338 | Temple   | Found a transporter.
  1338 | Temple   | Found a transporter.
  1428 | D:6      | You fall into a shaft and drop 2 floors!
  1490 | D:8      | Found a sand-covered staircase.
  1499 | Ossuary  | Entered an ossuary
  1563 | D:10     | Entered Level 10 of the Dungeon
  1586 | D:10     | Noticed a yak
  1586 | D:10     | Noticed a yak
  1586 | D:10     | Noticed a yak
  1619 | D:10     | Noticed a gargoyle
  1630 | D:10     | Mangled by a gargoyle

Illustrated notes

Levels and vault maps discovered:
D:1:      amcnicky_arrival_double_pillar, layout_basic, chequers_garden
D:2:      layout_loops_corners, chequers_ecumenical_altar_twisty
D:3:      layout_basic, nzn_wu_jian_council_hall, general_overflow_altar,
          uniq_robin
D:4:      layout_gridville
D:5:      layout_rooms, mainiacjoe_overflow_cross_hatched,
          minmay_temple_entry_arrows, nicolae_concentric_dashed_squares_wild,
          kennysheep_generic_room_10, uniq_eustachio, uniq_sigmund, uniq_ijyb
D:6:      layout_rooms, chequers_temple_overflow_statue_of_worship,
          serial_shops, nicolae_stop_n_shop_1, hangedman_minor_gate_pass
D:8:      minmay_curly_fans, layout_cave_pods, chequers_ossuary_entry_cave,
          minmay_guarded_unrand_finisher
D:9:      minmay_weird_star, layout_basic
D:10:     layout_gridville
Temple:   hellmonk_temple_divided_pantheon

Skill      XL: |  1  2  3  4  5  6  7 |
---------------+----------------------+-----
Throwing       | 2 |  2.7
Polearms       | 4 5 |  5.9
Fighting       | 3 4 |  4.2
Armour         | 1 2 |  2.4
Axes           | 2 3 |  3.3
Staves         | |  0.4
Dodging        | |  2.8
Stealth        | |  0.1

Action                   |  1- 3 |  4- 6 |  7- 9 || total
-------------------------+-------+-------+-------++-------
Melee: Trident           |    89 |    37 |    24 ||   150
       Staff             |     1 |       |       ||     1
       Hand axe          |       |    24 |       ||    24
       Punch             |       |     1 |       ||     1
Throw: Throwing net      |     6 |       |       ||     6
       Javelin           |     7 |     4 |     1 ||    12
       Dart              |     6 |    10 |     5 ||    21
Evoke: Wand              |       |       |     2 ||     2
  Use: Scroll            |     1 |       |     1 ||     2
       Potion            |       |     3 |       ||     3
Armor: Chain mail        |    68 |    36 |    12 ||   116
Dodge: Dodged            |    32 |    26 |     8 ||    66
